 Dungeon Crawl Stone Soup version 0.20-a0-517-g5f97612 (webtiles) character file.

243 Duffy the Insei (level 6, -13/44 HPs)
             Began as a Barachian Transmuter on Jan 25, 2017.
             Killed from afar by Chrigeo's ghost (32 damage)
             ... with a bolt of negative energy
             ... on level 4 of the Dungeon.
             The game lasted 00:06:10 (5036 turns).

Duffy the Insei (Barachian Transmuter)              Turns: 5036, Time: 00:06:10

Health: -13/44     AC:  2    Str: 12    XL:     6   Next: 9%
Magic:  7/9        EV: 18    Int: 11    God:
Gold:   175        SH:  0    Dex: 14    Spells: 3/9 levels left

rFire    . . .     SeeInvis .     - Unarmed
rCold    . . .     Gourm    .   (armour currently unavailable)
rNeg     . . .     Faith    .   (shield currently unavailable)
rPois    x         Spirit   .   (helmet currently unavailable)
rElec    .         Reflect  .   (cloak currently unavailable)
rCorr    .         Harm     .   (gloves currently unavailable)
MR       .....                  (boots currently unavailable)
Stlth    +.........             (no amulet)
Regen    0.2/turn               v - -3 ring of dexterity (curse)
                                f - +2 ring of strength

@: spider-form (expiring), heavily drained
A: swims, (slowness 0), (strong legs 0)
a: End Transformation


You were on level 4 of the Dungeon.
You were not hungry.
You were a venomous arachnid creature.
You visited 1 branch of the dungeon, and saw 4 of its levels.

You collected 175 gold pieces.

Inventory:

Hand Weapons
 t - a +0 blowgun
Missiles
 a - 23 arrows
 u - 9 poisoned needles
Armour
 b - a +0 robe (melded)
 y - a +0 pair of gloves (melded)
Jewellery
 f - a +2 ring of strength (left front leg)
 v - a cursed -3 ring of dexterity (right front leg)
Wands
 x - a wand of random effects (31/48)
Scrolls
 g - a scroll of teleportation {unknown}
 k - a scroll of recharging {unknown}
 n - 2 scrolls of enchant armour {unknown}
 o - a scroll of fog {unknown}
 q - a scroll of enchant weapon {unknown}
 s - a scroll of fear {unknown}
Potions
 e - a potion of invisibility
 i - a potion of flight
 j - a potion of mutation {unknown}
 p - a potion of might {unknown}
 r - a potion of curing
Books
 c - a book of Changes

   Spells                             Type                      Level
   a - Beastly Appendage              Transmutation                1
   b - Sticks to Snakes               Transmutation                2
   c - Spider Form                    Transmutation/Poison         3
   d - Ice Form                       Ice/Transmutation            4
   e - Blade Hands                    Transmutation                5
Comestibles
 d - 3 bread rations
 h - 3 chunks of flesh
 l - 2 meat rations
 m - 2 royal jellies


   Skills:
 - Level 2.0(0.8) Fighting
 - Level 2.0(0.8) Dodging
 + Level 4.9(3.6) Unarmed Combat
 - Level 2.0(0.8) Spellcasting
 + Level 3.4(2.2) Transmutations
 - Level 2.5(1.3) Poison Magic


You had 3 spell levels left.
You knew the following spells:

 Your Spells              Type           Power        Failure   Level  Hunger
a - Spider Form           Tmut/Pois      #.........   69%         3    ####...
b - Sticks to Snakes      Tmut           #.......     45%         2    ###....
c - Beastly Appendage     Tmut           #.....       36%         1    ##.....


Dungeon Overview and Level Annotations

Branches:
Dungeon (4/15)
 Temple: D:4-7

Altars:
Xom

Annotations:
D:3 Grinder
D:4 Chrigeo's ghost, novice DrTm


Innate Abilities, Weirdness & Mutations

You can swim through water.
((You cover ground slowly.))
((You can hop short distances.))


Message History

You kill the leopard gecko!
A giant cockroach comes into view.
Chrigeo's ghost breathes negative energy at you.
The bolt of negative energy hits you!
You feel drained.
Ouch! That really hurt!
You open the door.
There is an open door here.
Casting: Spider Form
Confirm with . or Enter, or press ? or * to list all spells.
You turn into a venomous arachnid creature.
Your +0 pair of gloves melds into your body.
Your +0 robe melds into your body.
The giant cockroach bites you but does no damage.
Your transformation is almost over.
The giant cockroach barely misses you.
The giant cockroach waves its antennae.
Chrigeo's ghost breathes negative energy at you.
The bolt of negative energy hits you!
You feel drained.
Ouch! That really hurt!
You die...

#.......#.#.# #.#
#.....<.#.#.#######.######
#...........#.....#.......
#.........###.###.#######.
####+#....#.......#.....#.
...#.#..######........#.
#..#.#...<.....##.#####.
#..#..#.#.####....# #.
#..##.#s#......#### #.
#####.#...s###############.
+.....<._.....>............
#####.#....###.############
#. ###..W.#+###.# #.
#............#
###.###............#
###..................#
.......#.............#


You could see Chrigeo's ghost and a giant cockroach.

Vanquished Creatures
  2 orc wizards
  8 adders
  3 oozes
  4 worms
  2 dart slugs
  4 leopard geckos
  7 orcs
  5 giant cockroaches
  10 hobgoblins
  2 jackals
  7 kobolds
  A quokka (D:2)
  5 bats
  5 frilled lizards
  6 goblins
  8 rats
79 creatures vanquished.

Vanquished Creatures (others)
  2 fungi (D:1)
2 creatures vanquished.

Grand Total: 81 creatures vanquished

Notes
Turn   | Place    | Note
-------+----------+-------------------------------------------
     0 | D:1      | Duffy the Barachian Transmuter began the quest for the Orb.
     0 | D:1      | Reached XP level 1. HP: 15/15 MP: 3/3
   424 | D:1      | Reached XP level 2. HP: 15/22 MP: 5/5
   579 | D:1      | Learned a level 2 spell: Sticks to Snakes
  1550 | D:1      | Reached XP level 3. HP: 27/27 MP: 6/6
  1555 | D:1      | Learned a level 3 spell: Spider Form
  2662 | D:1      | Reached skill level 1 in Poison Magic
  2662 | D:1      | Reached XP level 4. HP: 23/33 MP: 7/7
  3325 | D:2      | Reached skill level 4 in Unarmed Combat
  3822 | D:2      | Reached XP level 5. HP: 31/38 MP: 8/8
  4711 | D:3      | Noticed Grinder
  4737 | D:4      | Found a shimmering altar of Xom.
  4967 | D:4      | Reached XP level 6. HP: 41/44 MP: 5/9
  5021 | D:4      | Noticed Chrigeo's ghost (novice DrTm)
  5036 | D:4      | Killed from afar by Chrigeo's ghost

Vault maps used:
D:1:      dpeg_arrival_water_fire, kennysheep_nondescript
D:3:      lemuel_crystal_altar, minmay_ogre_servants, uniq_grinder
D:4:      chequers_temple_overflow_minitemple, xom_butterflies, first_bread

Skill      XL: |  1  2  3  4  5 |
---------------+----------------+-----
Fighting       | 2 |  2.0
Poison Magic   | 1 2 |  2.5
Transmutations | 3 |  3.4
Unarmed Combat | 4 |  4.9
Dodging        | |  2.0
Spellcasting   | |  2.0

Action                   |  1- 3 |  4- 6 || total
-------------------------+-------+-------++-------
Melee: Unarmed           |   136 |   218 ||   354
       Punch             |     3 |     2 ||     5
 Cast: Spider Form       |       |    10 ||    10
 Abil: Hop               |       |     1 ||     1
  Use: Potion            |       |     3 ||     3
       Scroll            |       |     2 ||     2
  Eat: Chunk             |     6 |    10 ||    16
Armor: Robe              |    33 |    40 ||    73
       Skin              |       |     4 ||     4
Dodge: Dodged            |    99 |   133 ||   232
